 Dungeon Crawl Stone Soup version 0.29-a0-1027-gcd8c55af63 (webtiles) character file.

Game seed: 6307170969067491258

47867 quinnr the Meteorologist (level 14, -1/74 HPs)
             Began as a Tengu Air Elementalist on Aug 12, 2022.
             Was a High Priest of Vehumet.
             Slain by a catoblepas (12 damage)
             ... while petrified by a catoblepas
             ... on level 5 of the Lair of Beasts.
             The game lasted 00:39:49 (28263 turns).

quinnr the Meteorologist (Tengu Air Elementalist)  Turns: 28263, Time: 00:39:50

Health: -1/74      AC:  9    Str: 11    XL:     14   Next: 43%
Magic:  12/21      EV:  2    Int: 26    God:    Vehumet [*****.]
Gold:   1389       SH:  0    Dex: 15    Spells: 13/22 levels left

rFire   + . .      SeeInvis .   s - +8 war axe of Makhleb's Castigation {vamp, rElec rF+}
rCold   . . .      Faith    .   (no shield)
rNeg    + + +      Spirit   .   a - +0 robe
rPois   ∞          Reflect  .   T - +2 hat
rElec   +          Harm     .   M - +2 cloak
rCorr   .          Rampage  .   q - +1 pair of gloves of Fortitude {Str+2}
Will    +....                   (boots unavailable)
Stlth   +++.......              S - amulet of regeneration
HPRegen 1.02/turn               E - +4 ring of evasion
MPRegen 0.17/turn               g - +6 ring of intelligence

@: petrified, flying quickly and evasively, quick
A: beak, talons 3, nimble flight
a: Renounce Religion


You were on level 5 of the Lair of Beasts.
You worshipped Vehumet.
Vehumet was extremely pleased with you.
You visited 3 branches of the dungeon, and saw 18 of its levels.
You also visited: Sewer.

You collected 1389 gold pieces.

Inventory:

Hand Weapons
 s - the +8 war axe of Makhleb's Castigation (weapon) {vamp, rElec rF+}
   (You found it on level 3 of the Dungeon)

   It occasionally heals its wielder for a portion of the damage dealt when it
   wounds a living foe.
   rF:        It protects you from fire.
   rElec:     It insulates you from electricity.
Missiles
 i - a throwing net
Armour
 a - a +0 robe (worn)
 q - the +1 pair of gloves of Fortitude (worn) {Str+2}
   (You found it on level 3 of the Dungeon)

   Str:       It affects your strength (+2).
 M - a +2 cloak (worn)
 T - a +2 hat (worn)
Magical Staves
 w - a staff of death
Jewellery
 g - a +6 ring of intelligence (right hand)
 p - a +4 ring of slaying
 r - an amulet of guardian spirit
 E - a +4 ring of evasion (left hand)
 G - a ring of fire
 R - a ring of positive energy
 S - an amulet of regeneration (around neck)
 U - an amulet of reflection
 W - a ring of resist corrosion
Wands
 l - a wand of polymorph (27)
 H - a wand of digging (6)
 J - a wand of flame (17)
 L - a wand of paralysis (8)
 V - a wand of mindburst (5)
Scrolls
 d - a scroll of identify
 e - 6 scrolls of noise
 f - 4 scrolls of magic mapping
 j - 2 scrolls of blinking
 k - 2 scrolls of amnesia
 m - 3 scrolls of poison
 n - 4 scrolls of fear
 o - 5 scrolls of enchant armour
 u - 3 scrolls of butterflies
 y - 7 scrolls of teleportation
 A - 2 scrolls of brand weapon
 F - 2 scrolls of silence
 I - 4 scrolls of vulnerability
 N - 7 scrolls of immolation
 Q - a scroll of enchant weapon
Potions
 b - 3 potions of magic
 c - 5 potions of mutation
 h - 4 potions of invisibility
 t - 7 potions of degeneration
 v - 3 potions of heal wounds
 x - 2 potions of flight
 z - 5 potions of might
 B - 3 potions of haste
 C - 2 potions of cancellation
 D - 3 potions of ambrosia
 K - 5 potions of curing
 O - a potion of berserk rage
 P - a potion of attraction


   Skills:
 - Level 3.0 Fighting
 + Level 10.3 Dodging
 - Level 5.0 Stealth
 + Level 4.5 Spellcasting
 - Level 1.3 Conjurations
 O Level 27 Air Magic


You had 13 spell levels left.
You knew the following spells:

 Your Spells              Type           Power      Damage    Failure   Level
a - Shock                 Conj/Air       100%       1d9       1%          1
b - Static Discharge      Conj/Air       68%        3-12/arc  1%          2
c - Airstrike             Air            49%        2d(7-23)  0%          4
d - Poisonous Vapours     Pois/Air       100%       N/A       1%          2

Your spell library contained the following spells:

 Spells                   Type           Power      Damage    Failure   Level
 Yara's Violent Unravell  Hex/Tmut       2%         3d3       47%         5
 Swiftness                Air            98%        N/A       0%          3
 Foxfire                  Conj/Fire      36%        2x1d5     1%          1
 Corpse Rot               Necr/Pois/Air  51%        N/A       1%          4
 Conjure Flame            Conj/Fire      9%         6-21      5%          3
 Inner Flame              Hex/Fire       5%         N/A       7%          3
 Apportation              Tloc           10%        N/A       9%          1
 Blink                    Tloc           10%        N/A       12%         2
 Sublimation of Blood     Necr           5%         N/A       12%         2
 Flame Wave               Conj/Fire      9%         2d6       16%         4
 Hailstorm                Conj/Ice       9%         3d4       16%         4
 Gell's Gravitas          Tloc           5%         N/A       24%         3
 Lesser Beckoning         Tloc           5%         N/A       24%         3
 Summon Guardian Golem    Hex/Summ       5%         N/A       24%         3
 Teleport Other           Tloc           5%         N/A       24%         3
 Irradiate                Conj/Tmut      4%         3d13      38%         5
 Ice Form                 Ice/Tmut       5%         N/A       63%         4
 Petrify                  Tmut/Erth      5%         N/A       63%         4
 Alistair's Intoxication  Tmut/Pois      3%         N/A       92%         5
 Manifold Assault         Tloc           5%         N/A       92%         5
 Summon Forest            Summ/Tloc      2%         N/A       92%         5
 Summon Mana Viper        Hex/Summ       5%         N/A       92%         5
 Simulacrum               Ice/Necr       2%         N/A       100%        6
 Summon Cactus Giant      Summ           2%         N/A       100%        6
 Orb of Destruction       Conj           6%         9d6       100%        7
 Spellforged Servitor     Conj/Summ      4%         N/A       100%        7


Dungeon Overview and Level Annotations

Branches:
Dungeon (12/15)            Temple (1/1) D:6            Lair (5/5) D:8
 Shoals (0/4) Lair:2        Snake (0/4) Lair:2        Slime (0/5) Lair:4
  Sewer (visited)
    Orc: D:9-12

Altars:
Ashenzari
Cheibriados
Dithmenos
Elyvilon
Fedhas
Gozag
Hepliaklqana
Kikubaaqudgha
Makhleb
Nemelex Xobeh
Okawaru
Qazlal
Ru
Sif Muna
Trog
Uskayaw
Vehumet
Wu Jian
Xom
Yredelemnul
Zin
The Shining One
Jiyva

Shops:
D:1 :   D:8 [=

Annotations:
D:4 1 runed translucent door, purpskrrrp's ghost, novice GrMo
D:12 Frances
Lair:3 exclusion: downstairs
Lair:4 2 transporters, Irousen's ghost, journeyman MiFi
Lair:5 1 runed translucent door


Innate Abilities, Weirdness & Mutations

You have a beak for a mouth.
You have claws for feet.
Your magical nature lets you fly swiftly and evasively.


Message History

The catoblepas is struck by an arc of lightning!
The catoblepas is severely wounded.
The black mamba is struck by an arc of lightning!
The black mamba is almost dead.
The lindwurm is struck by an arc of lightning!
You kill the lindwurm!
Vehumet accepts your kill.
The catoblepas is struck by an arc of lightning.
The catoblepas is severely wounded.
You resist.
You are struck by an arc of lightning.
The catoblepas is struck by an arc of lightning!
The catoblepas is almost dead.
You resist.
You are struck by an arc of lightning.
You are engulfed in calcifying dust.
The catoblepas breathes a plume of calcifying dust at you.
The blast of calcifying dust hits you!
* * * LOW HITPOINT WARNING * * *
The catoblepas breathes a plume of calcifying dust at you.
The blast of calcifying dust hits you.
* * * LOW HITPOINT WARNING * * *
You have turned to stone.
You are engulfed in calcifying dust.
The catoblepas breathes a plume of calcifying dust at you.
The blast of calcifying dust hits you but does no damage.
You are engulfed in calcifying dust.
The black mamba is no longer petrified.
The black mamba bites you.
* * * LOW HITPOINT WARNING * * *
The catoblepas gores you!
* * * LOW HITPOINT WARNING * * *
The black mamba bites you but does no damage.
The black mamba completely misses you.
The catoblepas breathes a plume of calcifying dust at you.
The blast of calcifying dust hits you.
* * * LOW HITPOINT WARNING * * *
You are engulfed in calcifying dust.
The black mamba bites you.
The catoblepas gores you but does no damage.
The black mamba barely misses you.
You are engulfed in calcifying dust.
The black mamba bites you. The catoblepas gores you!!
You die...

#....................#.#.##.#....
##....P.....P..P....##..#...##...
###....##.#P.##.....#.#...÷.##...
..#...####...##.....##....†..##..
.##....# ##..###.###.####.<..##..
.##.#### ############ #######..
.####### #####.P.##### ###
.##...P####..P...S....#
........##..§§§§@Y....##
#......##.....#####....##
.......##.........#.....#
.#.....##P..#.#...#.#..P#
...########.......#...###
.#..##...#...###.###....k..#
.....#...#.....###P....#...#
.....#...#.....##....... ..#
.....#.#.#.....###.....## .#


You could see a catoblepas and a black mamba.

Vanquished Creatures
  Gastronok (Lair:3)
  6 hydras
  3 two-headed ogres
  A catoblepas (Lair:5)
  A boulder beetle (D:12)
  8 death yaks
  A fire crab (Lair:4)
  2 lindwurms (Lair:5)
  A manticore (Lair:5)
  5 oklob plants (Lair:4)
  3 elephants (Lair:1)
  A cyclops (D:11)
  A guardian serpent (D:11)
  15 cane toads
  4 torpor snails (Lair:5)
  2 black mambas (Lair:5)
  Joseph (D:7)
  Maggie (D:9)
  3 komodo dragons
  2 kobold demonologists (D:10)
  6 rime drakes
  2 trolls (D:11)
  7 hornets
  A polar bear (Lair:4)
  6 slime creatures (D:10)
  7 dream sheep
  20 blink frogs
  A snapping turtle (Lair:2)
  A shadow (D:10)
  A wraith (D:9)
  4 basilisks
  3 fire bats (Lair:1)
  4 steam dragons
  5 wyverns
  15 yaks
  13 water moccasins
  3 orc warriors
  A hornet zombie (D:6)
  3 sky beasts
  Pargi (Sewer)
  2 black bears
  5 centaurs
  2 ogres
  18 wolves
  A phantom (D:6)
  3 bullfrogs
  Blork the orc (D:5)
  2 kobold brigands
  2 gnoll sergeants
  3 scorpions
  15 wights
  13 killer bees
  5 howler monkeys
  10 electric eels
  A jelly (D:7)
  2 hounds
  3 orc priests
  Crazy Yiuf (D:5)
  6 iguanas
  10 orc wizards
  A hell rat (Lair:5)
  A howler monkey zombie (D:6)
  18 gnolls
  3 adders
  4 white imps
  2 ufetubi
  2 worms
  3 dart slugs
  36 orcs
  5 endoplasms
  4 giant cockroaches
  19 goblins
  3 hobgoblins
  3 jackals (D:1)
  3 quokkas
  6 ball pythons
  4 bats
  2 frilled lizards
  5 kobolds
  3 rats
398 creatures vanquished.

Vanquished Creatures (others)
  17 fungi
  47 plants
64 creatures vanquished.

Grand Total: 462 creatures vanquished

Notes
Turn   | Place    | Note
-------+----------+-------------------------------------------
     0 | D:1      | quinnr the Tengu Air Elementalist began the quest for the
                  | Orb.
     0 | D:1      | Reached XP level 1. HP: 10/10 MP: 4/4
   290 | D:1      | Reached XP level 2. HP: 15/15 MP: 0/6
   467 | D:1      | Reached skill level 5 in Air Magic
   805 | D:1      | Reached XP level 3. HP: 19/19 MP: 5/7
  1188 | D:1      | Found Ciamaros's Book Boutique.
  1834 | D:2      | Reached skill level 6 in Air Magic
  2411 | D:3      | Found a glowing drain.
  2425 | Sewer    | Entered a sewer
  2429 | Sewer    | Learned a level 2 spell: Static Discharge
  2487 | Sewer    | Noticed Pargi
  2509 | Sewer    | Killed Pargi
  2510 | Sewer    | Reached skill level 7 in Air Magic
  2510 | Sewer    | Reached XP level 4. HP: 24/24 MP: 0/8
  2510 | Sewer    | Gained mutation: Your magical nature lets you fly swiftly
                  | and evasively. [Tengu growth]
  2510 | Sewer    | Reached XP level 5. HP: 28/28 MP: 0/9
  2803 | D:3      | Identified the +5 scale mail of the Beekeeper {rElec rN+}
  2816 | D:3      | Identified the +1 pair of gloves of Fortitude {Str+2}
  2983 | D:3      | Found an ornate altar of the Wu Jian Council.
  3115 | D:3      | Reached skill level 8 in Air Magic
  3139 | D:3      | Identified the +8 war axe of Makhleb's Castigation {vamp,
                  | rElec rF+}
  3224 | D:3      | Noticed an ogre
  3231 | D:3      | Killed an ogre
  3232 | D:3      | Reached XP level 6. HP: 29/32 MP: 1/10
  3499 | D:4      | Reached skill level 9 in Air Magic
  3644 | D:4      | Found a glowing golden altar of the Shining One.
  3851 | D:4      | Reached skill level 10 in Air Magic
  3851 | D:4      | Reached XP level 7. HP: 17/36 MP: 2/11
  4042 | D:4      | Found a runed translucent door.
  4119 | D:4      | Learned a level 4 spell: Airstrike
  4709 | D:4      | Reached skill level 11 in Air Magic
  4822 | D:4      | Noticed purpskrrrp's ghost (novice GrMo)
  4858 | D:5      | Entered Level 5 of the Dungeon
  4910 | D:5      | Reached XP level 8. HP: 36/41 MP: 5/14
  5456 | D:5      | Noticed Blork the orc
  5476 | D:5      | Killed Blork the orc
  5477 | D:5      | Reached skill level 12 in Air Magic
  5628 | D:5      | Found a runed translucent door.
  5629 | D:5      | Noticed Crazy Yiuf
  6472 | D:5      | Killed Crazy Yiuf
  6545 | D:6      | Reached skill level 13 in Air Magic
  6820 | D:5      | Reached skill level 14 in Air Magic
  6820 | D:5      | Reached XP level 9. HP: 20/45 MP: 10/16
  7145 | D:6      | Found a staircase to the Ecumenical Temple.
  7164 | Temple   | Entered the Ecumenical Temple
  7297 | Temple   | Became a worshipper of Vehumet
  7670 | D:6      | Found a basalt altar of Yredelemnul.
  7820 | D:6      | Reached skill level 15 in Air Magic
  8239 | D:7      | Noticed Joseph
  8243 | D:7      | Killed Joseph
  9082 | D:7      | Identified the +10 chain mail of the Demonic Clam {rF+ rC+}
  9789 | D:7      | Reached skill level 5 in Dodging
 10138 | D:8      | Reached * piety under Vehumet
 10138 | D:8      | Offered knowledge of Freeze by Vehumet.
 10194 | D:8      | Reached skill level 16 in Air Magic
 10293 | D:8      | Reached XP level 10. HP: 50/50 MP: 12/17
 10570 | D:8      | Found a sparkling altar of Nemelex Xobeh.
 10602 | D:8      | Found a staircase to the Lair.
 10656 | D:8      | Found Xukh's Jewellery Boutique.
 10748 | D:8      | Found a glowing silver altar of Zin.
 10875 | D:8      | Found Zanuol's Armour Emporium.
 11757 | D:9      | Found an iron altar of Okawaru.
 11757 | D:9      | Found a blossoming altar of Fedhas.
 12144 | D:9      | Noticed a two-headed ogre
 12159 | D:9      | Killed a two-headed ogre
 12160 | D:9      | Reached skill level 17 in Air Magic
 12306 | D:9      | Reached ** piety under Vehumet
 12309 | D:9      | Offered knowledge of Poisonous Vapours by Vehumet.
 12624 | D:9      | Learned a level 2 spell: Poisonous Vapours
 12627 | D:9      | Noticed Maggie
 12636 | D:9      | Killed Maggie
 12915 | D:10     | Entered Level 10 of the Dungeon
 14198 | D:10     | Reached XP level 11. HP: 13/54 MP: 5/18
 14451 | D:10     | Reached skill level 5 in Stealth
 14589 | D:10     | Reached skill level 18 in Air Magic
 16076 | D:11     | Noticed a two-headed ogre
 16080 | D:11     | Killed a two-headed ogre
 16182 | D:11     | Reached skill level 19 in Air Magic
 16367 | D:11     | Noticed a cyclops
 16369 | D:11     | Killed a cyclops
 16778 | D:11     | Noticed a two-headed ogre
 16783 | D:11     | Killed a two-headed ogre
 16881 | D:11     | Noticed a four-headed hydra
 16885 | D:11     | Killed a four-headed hydra
 16885 | D:11     | Offered knowledge of Dazzling Flash by Vehumet.
 16886 | D:11     | Reached skill level 20 in Air Magic
 17644 | D:12     | Noticed a boulder beetle
 17648 | D:12     | Killed a boulder beetle
 17748 | D:12     | Noticed a skeletal warrior
 17748 | D:12     | Noticed a skeletal warrior
 17748 | D:12     | Noticed a skeletal warrior
 17795 | D:12     | Noticed Frances
 18126 | Lair:1   | Entered Level 1 of the Lair of Beasts
 18180 | Lair:1   | Reached skill level 21 in Air Magic
 18180 | Lair:1   | Reached XP level 12. HP: 40/59 MP: 6/19
 18181 | Lair:1   | Reached *** piety under Vehumet
 18197 | Lair:1   | Noticed a five-headed hydra
 18220 | Lair:1   | HP: 4/59 [five-headed hydra (12)]
 18350 | Lair:1   | Killed a five-headed hydra
 18933 | Lair:1   | Reached skill level 22 in Air Magic
 19954 | Lair:1   | Offered knowledge of Fulminant Prism by Vehumet.
 20111 | Lair:2   | Reached skill level 23 in Air Magic
 20560 | Lair:2   | Reached **** piety under Vehumet
 21028 | Lair:2   | Reached skill level 24 in Air Magic
 21189 | Lair:2   | Reached XP level 13. HP: 63/63 MP: 10/20
 21385 | Lair:2   | Found a staircase to the Snake Pit.
 21484 | Lair:2   | Found a staircase to the Shoals.
 21951 | Lair:3   | Noticed Gastronok
 22161 | Lair:3   | Killed Gastronok
 22162 | Lair:3   | Reached skill level 1 in Fighting
 22699 | Lair:3   | Offered knowledge of Mephitic Cloud by Vehumet.
 23238 | Lair:4   | Found a staircase to the Slime Pits.
 24022 | Lair:4   | Found a broken altar of Ashenzari.
 24151 | Lair:4   | Found a transporter.
 24154 | Lair:4   | Found a transporter.
 24155 | Lair:4   | Found a bloodstained altar of Trog.
 24183 | Lair:4   | Noticed Irousen's ghost (journeyman MiFi)
 25112 | Lair:4   | Reached skill level 25 in Air Magic
 25307 | Lair:4   | Reached skill level 10 in Dodging
 25354 | Lair:4   | Found a viscous altar of Jiyva.
 25454 | Lair:5   | Entered Level 5 of the Lair of Beasts
 25757 | Lair:5   | Reached ***** piety under Vehumet
 25757 | Lair:5   | Offered knowledge of Yara's Violent Unravelling by Vehumet.
 26467 | Lair:5   | Reached XP level 14. HP: 74/74 MP: 1/21
 26662 | Lair:5   | Reached skill level 26 in Air Magic
 26755 | Lair:5   | Identified the +0 leather armour of the Voracious God
                  | {-Cast Regen+ Dex+5}
 27563 | Lair:5   | Found a runed translucent door.
 27665 | Lair:5   | Reached skill level 27 in Air Magic
 27794 | Lair:5   | Paralysed by a hornet for 3 turns
 28263 | Lair:5   | Slain by a catoblepas

Illustrated notes

Levels and vault maps discovered:
D:1:      kennysheep_arrival_seaside, layout_basic, serial_shops, shop
D:2:      layout_loops_ring
D:3:      layout_rooms, nzn_wu_jian_council_hall, portal_sewer_entry_a,
          minmay_ogre_servants
D:4:      layout_loops_ring, nicolae_tso_carved_into_rock,
          ebering_ghost_sewer_d, kennysheep_generic_room_4
D:5:      layout_basic, uniq_blork_the_orc, uniq_crazy_yiuf_cottage
D:6:      layout_cave_pools, lemuel_zombie_altar_yredelemnul,
          minmay_temple_entry_arrows
D:7:      layout_layer_cave, kennysheep_generic_room_2, uniq_joseph
D:8:      layout_rooms, zin_treasury, nemelex_spade_bored_becter,
          lair_entry_dummy, serial_shops, shop, shop
D:9:      layout_small_grid, mainiacjoe_overflow_large_starburst,
          blue_anna_alchemist, uniq_maggie
D:10:     layout_loops_corners
D:11:     layout_cave_pods, nrook_guardian_serpent_double
D:12:     layout_cave_pools, david_orc_3, minmay_between, uniq_rupert,
          uniq_lodul, uniq_frances, uniq_kirke
Temple:   regret_index_temple_generic_petals
Lair:1:   layout_loops_ring, nicolae_volcano_entry_batcave
Lair:2:   layout_cave_pods, minmay_shoals_entry_hut, dummy_snake_entry,
          grunt_megastairs_4, lemuel_fruit_tree, infiniplex_staircase_pool,
          lemuel_fruit_fields
Lair:3:   layout_chaotic_city, disabler_island, uniq_gastronok
Lair:4:   layout_long_grid, minmay_slime_entry_oklob_open,
          gammafunk_ghost_wrathful_warriors, basic_altar, serial_bayou_shore_a,
          grunt_megastairs_2
Lair:5:   wormcave, layout_regular_city, hangedman_lair_in_review

Skill      XL: |  1  2  3  4  5  6  7  8  9 10 11 12 13 14 |
---------------+-------------------------------------------+-----
Air Magic      | 5 7 8 10 11 14 16 17 21 24 25 27 | 27.0
Spellcasting   | 3 4 |  4.5
Dodging        | 5 8 10 | 10.3
Stealth        | 4 5 |  5.0
Fighting       | 3 |  3.0
Conjurations   | |  1.3

Action                   |  1- 3 |  4- 6 |  7- 9 | 10-12 | 13-15 || total
-------------------------+-------+-------+-------+-------+-------++-------
Melee: Unarmed           |    11 |       |       |       |       ||    11
       Kick              |     1 |       |       |    10 |     4 ||    15
       War axe           |       |     1 |     3 |    30 |    14 ||    48
       Peck              |       |       |       |    10 |     4 ||    14
 Cast: Shock             |    99 |    59 |   142 |   159 |    35 ||   494
       Static Discharge  |     2 |     2 |    25 |    73 |    79 ||   181
       Airstrike         |       |       |    37 |   148 |   164 ||   349
       Poisonous Vapours |       |       |       |       |     9 ||     9
Evoke: Wand              |       |       |       |     3 |       ||     3
  Use: Potion            |     1 |     2 |       |       |     2 ||     5
       Scroll            |       |       |       |     4 |    21 ||    25
Armor: Skin              |    18 |       |       |       |       ||    18
       Robe              |       |     3 |     6 |    16 |    14 ||    39
Dodge: Dodged            |    16 |    12 |    40 |   133 |   100 ||   301

Table legend: (Time is in decaauts)
 A = Elapsed time spent in this place.
 B = Non-inter-level travel time spent in this place.
 C = Inter-level travel time spent in this place.
 D = Time resting spent in this place.
 E = Time spent auto-exploring this place.
 F = Levels seen in this place.
 G = Mean time per level.
                   A        B        C        D        E       F      G
               +--------+--------+--------+--------+--------+-----+--------+
         Total |  27113 |  26476 |    637 |   3608 |  19924 |  19 | 1427.0 |
       Dungeon |  16792 |  16355 |    437 |   2065 |  12631 |  12 | 1399.3 |
        Temple |    290 |    259 |     31 |     22 |    224 |   1 |  290.0 |
          Lair |   9762 |   9594 |    168 |   1520 |   6846 |   5 | 1952.4 |
         Sewer |    267 |    267 |      0 |      0 |    222 |   1 |  267.0 |
               +--------+--------+--------+--------+--------+-----+--------+

Top non-repeatable levels by time:
    D:10: 3101 daAuts
  Lair:4: 2478 daAuts
  Lair:5: 2164 daAuts
     D:5: 2067 daAuts
  Lair:2: 2034 daAuts
  Lair:1: 1920 daAuts
     D:7: 1899 daAuts
    D:11: 1779 daAuts
     D:9: 1530 daAuts
     D:1: 1459 daAuts
     D:4: 1306 daAuts
  Lair:3: 1165 daAuts
     D:8: 957 daAuts
     D:2: 936 daAuts
     D:6: 929 daAuts
